 Dungeon Crawl Stone Soup version 0.28.0-53-g5a82cb258f (webtiles) character file.

Game seed: 17484685373455923933

87 Doot the Digger (level 4, -1/27 HPs)
             Began as an Octopode Earth Elementalist on June 4, 2022.
             Succumbed to a scorpion's poison
             ... on level 4 of the Dungeon.
             The game lasted 00:01:58 (949 turns).

Doot the Digger (Octopode Earth Elementalist)        Turns: 949, Time: 00:01:59

Health: -1/27      AC:  1    Str:  7    XL:     4   Next: 51%
Magic:  0/8        EV: 28    Int: 19    God:
Gold:   4          SH:  0    Dex: 12    Spells: 2/8 levels left

rFire   . . .      SeeInvis .   c - +0 rapier
rCold   . . .      Faith    .   (no shield)
rNeg    . . .      Spirit   .   (helmet restricted)
rPois   .          Reflect  .   d - amulet of the acrobat
rElec   .          Harm     .   (no ring)
rCorr   .          Rampage  .   (no ring)
Will    .....                   (no ring)
Stlth   +++.......              (no ring)
HPRegen 0.09/turn               (no ring)
MPRegen 0.11/turn               (no ring)
                                (no ring)
                                (no ring)

@: lethally poisoned (-1 -> -10), acrobatic, attractive
A: almost no armour, amphibious, 8 rings, camouflage 1, gelatinous body 1,
(nimble swimmer 1), tentacles
a: no special abilities


You were on level 4 of the Dungeon.
You visited 1 branch of the dungeon, and saw 5 of its levels.

You collected 4 gold pieces.

Inventory:

Hand Weapons
 c - a +0 rapier (weapon)
Missiles
 a - 2 throwing nets
 b - 49 stones
Jewellery
 d - an amulet of the acrobat (around mantle)
Scrolls
 g - a scroll of immolation {unknown}


   Skills:
 + Level 1.7 Short Blades
 + Level 2.3 Dodging
 + Level 2.8 Stealth
 + Level 2.9 Spellcasting
 + Level 1.0 Transmutations
 + Level 3.7 Earth Magic


You had 2 spell levels left.
You knew the following spells:

 Your Spells              Type           Power      Damage    Failure   Level
a - Sandblast             Erth           34%        2d9       3%          1
b - Passwall              Tmut/Erth      9%         N/A       9%          2
c - Stone Arrow           Conj/Erth      18%        3d8       22%         3

Your spell library contained the following spells:

 Spells                   Type           Power      Damage    Failure   Level
 Petrify                  Tmut/Erth      11%        N/A       50%         4


Dungeon Overview and Level Annotations

Branches:
Dungeon (5/15)
 Temple: D:4-7

Altars:

Shops:
D:5 (

Annotations:
D:2 Natasha


Innate Abilities, Weirdness & Mutations

You cannot wear most types of armour.
You are amphibious.
You can wear up to eight rings at the same time.
Your skin changes colour to match your surroundings (Stealth+).
Your rubbery body absorbs attacks. (AC +1, EV +1)
((You are camouflaged when in or above water. (Stealth+)))
You have tentacles for arms and can constrict up to eight enemies at once.


Message History

The scorpion is heavily wounded.
You feel sick.
The scorpion stings you but does no damage.
The scorpion barely misses you.
Casting: Sandblast (safe; 3% risk of failure)
Confirm with . or Enter, or press ? or * to list all spells.
Aiming: Sandblast (safe; 3% risk of failure)
Press: ? - help, Shift-Dir - straight line, f/p - scorpion
Aim: a scorpion (heavily wounded, 79% to hit)
The blast of sand hits the scorpion.
The scorpion is severely wounded.
You feel sick. The scorpion stings you.
Unknown command.
Casting: Sandblast (safe; 3% risk of failure)
Confirm with . or Enter, or press ? or * to list all spells.
Aiming: Sandblast (safe; 3% risk of failure)
Press: ? - help, Shift-Dir - straight line, f/p - scorpion
Aim: a scorpion (severely wounded, 79% to hit)
The blast of sand hits the scorpion but does no damage.
The scorpion is severely wounded.
You feel sick. The scorpion stings you.
Unknown command.
Casting: Sandblast (safe; 3% risk of failure)
Confirm with . or Enter, or press ? or * to list all spells.
Aiming: Sandblast (safe; 3% risk of failure)
Press: ? - help, Shift-Dir - straight line, f/p - scorpion
Aim: a scorpion (severely wounded, 79% to hit)
The blast of sand hits the scorpion.
The scorpion is severely wounded.
You feel sick. The scorpion stings you!
You are lethally poisoned!
The scorpion poisons you!
Unknown command.
It was a potion of attraction.
You feel attractive to monsters.
* * * LOW HITPOINT WARNING * * *
You feel sick. The scorpion stings you.
* * * LOW HITPOINT WARNING * * *
Unknown command.
You die...

###(### #.#
######.#####
#.g..g......
#.####.####.
#.# #.#
#########.#
#.#
##....sg...#
#.#
#!..@#######
#.# #..>.#
#.# #....#
.# +....+
#....#
#../..
#.....
.....#


You could see a scorpion and a hobgoblin.

Vanquished Creatures
  A jelly (D:5)
  A hound (D:4)
  An adder (D:5)
  A worm (D:4)
  3 orcs
  2 endoplasms
  2 giant cockroaches
  A hobgoblin (D:4)
  A kobold (D:4)
  A quokka (D:4)
  A ball python (D:4)
15 creatures vanquished.

Notes
Turn   | Place    | Note
-------+----------+-------------------------------------------
     0 | D:1      | Doot the Octopode Earth Elementalist began the quest for
                  | the Orb.
     0 | D:1      | Reached XP level 1. HP: 11/11 MP: 3/3
   295 | D:2      | Noticed Natasha
   360 | D:4      | Reached XP level 2. HP: 15/17 MP: 0/5
   425 | D:4      | Learned a level 2 spell: Passwall
   632 | D:5      | Entered Level 5 of the Dungeon
   638 | D:5      | Reached XP level 3. HP: 17/21 MP: 3/6
   693 | D:5      | Learned a level 3 spell: Stone Arrow
   889 | D:5      | Found Ucsi's Weapon Shop.
   898 | D:5      | Reached XP level 4. HP: 27/27 MP: 4/8
   899 | D:5      | Noticed a necrophage
   902 | D:4      | Noticed a scorpion
   913 | D:4      | Reached skill level 1 in Short Blades
   948 | D:4      | HP: 1/27 [scorpion (6)]
   949 | D:4      | Succumbed to a scorpion's poison

Illustrated notes

Levels and vault maps discovered:
D:1:      lemuel_arrival_cross, layout_loops_corners
D:2:      layout_basic, ebering_ecumenical_altar_box, basic_altar,
          serial_curves, eino_curves_04, eino_curves_04, eino_curves_03,
          chequers_serial_rivers_micro_d, uniq_natasha
D:3:      layout_rooms, gammafunk_ghost_cemetery
D:4:      layout_basic, st_stairs_4, minmay_misc_feat_rows
D:5:      layout_cave_pools, serial_shops, nicolae_diamond_shop, uniq_eustachio

Skill      XL: |  1  2  3  4 |
---------------+-------------+-----
Short Blades   | 1 |  1.7
Dodging        | |  2.3
Stealth        | |  2.8
Spellcasting   | |  2.9
Transmutations | |  1.0
Earth Magic    | |  3.7

Action                   |  1- 3 |  4- 6 || total
-------------------------+-------+-------++-------
Melee: Rapier            |    15 |     1 ||    16
       Constrict         |     3 |       ||     3
       Tentacles         |     3 |       ||     3
 Cast: Sandblast         |    15 |     9 ||    24
       Stone Arrow       |     1 |       ||     1
  Use: Potion            |       |     2 ||     2
 Stab: Sleeping          |     2 |       ||     2
Armor: Skin              |     1 |     2 ||     3
Dodge: Dodged            |    11 |     5 ||    16
